 Dungeon Crawl Stone Soup version 0.26-a0-690-gcb57259078 (webtiles) character file.

Game seed: 13600185851754027669

1208 Peloso the Slasher (level 8, 0/70 HPs)
             Began as a Minotaur Fighter on Oct 24, 2020.
             Killed from afar by an orc wizard (3 damage)
             ... with a magic dart
             ... on level 5 of the Dungeon.
             The game lasted 00:11:21 (5418 turns).

Peloso the Slasher (Minotaur Fighter)               Turns: 5418, Time: 00:11:21

Health: 0/70       AC: 13    Str: 21    XL:     8   Next: 21%
Magic:  7/7        EV: 11    Int:  5    God:
Gold:   146        SH: 10    Dex: 12    Spells: 7/7 levels left

rFire    . . .     SeeInvis .   a - +0 long sword
rCold    + . .     Faith    .   c - +0 kite shield
rNeg     . . .     Spirit   .   g - +0 chain mail
rPois    .         Reflect  .   (helmet restricted)
rElec    .         Harm     .   k - scarf {+Inv}
rCorr    .         Rampage  .   q - +2 pair of gloves
MR       .....                  (no boots)
Stlth    ..........             (no amulet)
HPRegen  0.21/turn              i - ring of protection from cold
MPRegen  0.10/turn              s - +4 ring of evasion

@: mighty
A: retaliatory headbutt, horns 2
a: Evoke Invisibility


You were on level 5 of the Dungeon.
You visited 1 branch of the dungeon, and saw 5 of its levels.

You collected 146 gold pieces.

Inventory:

Hand Weapons
 a - a +0 long sword (weapon)
Armour
 b - a +0 scale mail
 c - a +0 kite shield (worn)
 g - a +0 chain mail (worn)
 k - a scarf of invisibility (worn)
 q - a +2 pair of gloves (worn)
Jewellery
 i - a ring of protection from cold (left hand)
 s - a +4 ring of evasion (right hand)
 v - an uncursed ring of flight {unknown}
Wands
 j - a wand of digging (5)
 n - a wand of acid (2)
 t - a wand of polymorph (5)
 u - a wand of paralysis (13)
Scrolls
 e - a scroll of magic mapping {unknown}
 h - 2 scrolls of remove curse
 l - a scroll of amnesia {unknown}
 r - a scroll of immolation {unknown}
 w - a scroll of random uselessness {unknown}
 x - a scroll of teleportation {unknown}
Potions
 d - 3 potions of might
 f - a potion of heal wounds {unknown}
 m - 3 potions of cancellation
 o - a potion of resistance
 p - 2 potions of haste


   Skills:
 + Level 5.7 Fighting
 + Level 7.8 Long Blades
 + Level 6.2 Armour
 + Level 2.3 Dodging
 + Level 0.6 Stealth
 + Level 6.3 Shields
 + Level 0.3 Unarmed Combat


You had 7 spell levels left.
You didn't know any spells.
Your spell library was empty.

Dungeon Overview and Level Annotations

Branches:
Dungeon (5/15)
 Temple: D:4-7

Altars:
Ashenzari
Fedhas
Gozag
Makhleb
Xom


Innate Abilities, Weirdness & Mutations

You reflexively headbutt those who attack you in melee.
You have a pair of horns on your head.


Message History

A magic dart appears from out of thin air!
The magic dart hits you but does no damage.
The hound skeleton misses you. You furiously retaliate!
You headbutt the hound skeleton! You slash the hound skeleton!
You destroy the hound skeleton!
The howler monkey hits you but does no damage.
The orc hits you but does no damage. Something hits you but does no damage.
The howler monkey hits you but does no damage.
Unknown command.
You slash something! The orc hits you but does no damage.
Something hits you but does no damage. The howler monkey barely misses you.
You furiously retaliate!
You headbutt the howler monkey!
Unknown command.
You hit the orc. You headbutt the orc.
You kill the orc!
You hear some strange, mumbled words.
A magic dart appears from out of thin air!
The magic dart hits you.
You die...

.## ....#######
....#.....# ..........#
....:.....# ..#.......#
#.....{@h.# .......)).##
.#.....[...##
............##
.............# ###
.............# #..
.............###### #.#
..................# #.#
..............###.####.#


You could see a howler monkey.

Vanquished Creatures
  Sigmund (D:3)
  Duvessa (D:5)
  An ice beast (D:4)
  A phantom (D:5)
  Dowan (D:5)
  2 centaur zombies
  A bullfrog skeleton (D:4)
  3 orc wizards (D:5)
  5 orc priests
  Jessica (D:2)
  Terence (D:2)
  2 iguanas (D:4)
  2 worker ants (D:4)
  2 hound skeletons (D:5)
  8 adders
  An ooze (D:1)
  An adder zombie (D:5)
  An adder skeleton (D:4)
  5 worms
  3 dart slugs
  6 leopard geckos
  11 orcs
  11 bats
  2 giant cockroaches
  6 goblins
  12 hobgoblins
  5 jackals (D:3)
  A quokka (D:5)
  3 ball pythons
  8 frilled lizards
  17 kobolds
  A leopard gecko skeleton (D:5)
  A leopard gecko zombie (D:4)
  A quokka skeleton (D:5)
  5 rats
133 creatures vanquished.

Vanquished Creatures (others)
  6 plants (D:4)
6 creatures vanquished.

Grand Total: 139 creatures vanquished

Notes
Turn   | Place    | Note
-------+----------+-------------------------------------------
     0 | D:1      | Peloso the Minotaur Fighter began the quest for the Orb.
     0 | D:1      | Reached XP level 1. HP: 19/19 MP: 0/0
    81 | D:1      | Reached XP level 2. HP: 12/27 MP: 1/1
   532 | D:1      | Reached XP level 3. HP: 33/33 MP: 2/2
  1150 | D:2      | Reached skill level 3 in Long Blades
  1150 | D:2      | Reached XP level 4. HP: 24/41 MP: 3/3
  1155 | D:2      | Found a broken altar of Ashenzari.
  1333 | D:2      | Found a blossoming altar of Fedhas.
  1341 | D:2      | Found a burning altar of Makhleb.
  1341 | D:2      | Found a shimmering altar of Xom.
  1674 | D:2      | Noticed Jessica
  1684 | D:2      | Killed Jessica
  1883 | D:2      | Noticed Terence
  1894 | D:2      | Killed Terence
  1894 | D:2      | Reached XP level 5. HP: 43/47 MP: 4/4
  2241 | D:3      | Reached skill level 1 in Dodging
  2402 | D:3      | Reached skill level 4 in Long Blades
  2471 | D:3      | Noticed Sigmund
  2501 | D:3      | Killed Sigmund
  2501 | D:3      | Reached skill level 5 in Long Blades
  2501 | D:3      | Reached skill level 5 in Armour
  2501 | D:3      | Reached skill level 5 in Shields
  2501 | D:3      | Reached XP level 6. HP: 15/55 MP: 5/5
  2763 | D:3      | Reached skill level 5 in Fighting
  2775 | D:3      | Found an opulent altar of Gozag.
  4007 | D:4      | Reached XP level 7. HP: 61/61 MP: 6/6
  4445 | D:5      | Entered Level 5 of the Dungeon
  4446 | D:5      | Noticed Dowan
  4451 | D:5      | Noticed Duvessa
  4505 | D:5      | Killed Duvessa
  4505 | D:5      | Reached skill level 6 in Long Blades
  4542 | D:5      | Killed Dowan
  5057 | D:5      | Reached skill level 7 in Long Blades
  5215 | D:4      | Reached XP level 8. HP: 64/70 MP: 7/7
  5415 | D:5      | HP: 3/70 [howler monkey (3)]
  5418 | D:5      | Killed from afar by an orc wizard

Illustrated notes

Levels and vault maps discovered:
D:1:      dpeg_arrival_shrine, layout_loops_ring
D:2:      layout_basic, ashenzari_altar_1,
          chequers_temple_overflow_statue_of_worship,
          nicolae_overflow_crystal_walls, minmay_box_of_dots, uniq_terence,
          uniq_jessica
D:3:      layout_loops_corners, lemuel_doored_altar, uniq_sigmund
D:4:      minmay_skewed_foursquare, layout_loops_ring, serial_forest,
          infiniplex_forest_diagonal, infiniplex_forest_straight_2,
          infiniplex_forest_clump_diagonal, infiniplex_forest_clump_large,
          infiniplex_forest_end_3, infiniplex_forest_clump_small
D:5:      layout_rooms, marbit_many_paths, nicolae_underground_beach,
          uniq_duvessa

Skill      XL: |  1  2  3  4  5  6  7  8 |
---------------+-------------------------+-----
Fighting       | 4 5 |  5.7
Shields        | 4 5 6 |  6.3
Armour         | 4 5 6 |  6.2
Long Blades    | 3 5 7 |  7.8
Dodging        | 1 2 |  2.3
Stealth        | |  0.6
Unarmed Combat | |  0.3

Action                   |  1- 3 |  4- 6 |  7- 9 || total
-------------------------+-------+-------+-------++-------
Melee: Long sword        |    91 |   179 |   147 ||   417
       Headbutt          |    16 |    39 |    35 ||    90
       Unarmed           |       |       |     5 ||     5
  Use: Potion            |       |     5 |     1 ||     6
       Scroll            |       |     3 |       ||     3
Armor: Scale mail        |    40 |    24 |       ||    64
       Chain mail        |       |    80 |   134 ||   214
       Skin              |       |       |     3 ||     3
Dodge: Dodged            |    28 |    52 |    98 ||   178
Block: Kite shield       |    49 |    99 |    76 ||   224
       Rpst.: Long sword |    10 |    13 |    13 ||    36

Table legend: (Time is in decaauts)
 A = Elapsed time spent in this place.
 B = Non-inter-level travel time spent in this place.
 C = Inter-level travel time spent in this place.
 D = Time resting spent in this place.
 E = Time spent auto-exploring this place.
 F = Levels seen in this place.
 G = Mean time per level.
                   A        B        C        D        E       F      G
               +--------+--------+--------+--------+--------+-----+--------+
         Total |   5525 |   5428 |     97 |    501 |   3708 |   5 | 1105.0 |
       Dungeon |   5525 |   5428 |     97 |    501 |   3708 |   5 | 1105.0 |
               +--------+--------+--------+--------+--------+-----+--------+

Top non-repeatable levels by time:
     D:3: 1438 daAuts
     D:2: 1273 daAuts
     D:4: 1232 daAuts
     D:1: 947 daAuts
     D:5: 633 daAuts
